 Dungeon Crawl Stone Soup version 0.30-a0-390-g80c34de (webtiles) character file.

Game seed: 11669397539611115812

3266576 yakattack the Slayer (level 27, 273/273 HPs)
             Began as a Meteoran Earth Elementalist on Dec 4, 2022.
             Was the Champion of Ashenzari.
             Escaped with the Orb
             ... and 3 runes!
             The game lasted 03:11:19 (22699 turns).

yakattack the Slayer (Meteoran Earth Elementalist) Turns: 22699, Time: 03:11:20

Health: 273/273    AC: 15    Str: 12    XL:     27
Magic:  44/44      EV: 36    Int: 23    God:    Ashenzari [******]
Gold:   685        SH: 26    Dex: 33    Spells: 7/59 levels left

rFire   + + .      SeeInvis +    p - +8 demon blade "Leech" {vamp, Harm Drain rN+, Fort, Elem} (curse)
rCold   + . .      Faith    .    z - +5 kite shield of the Cursed Incredulity {rF+, Alch, Bglg} (curse)
rNeg    + . .      Spirit   .    K - +0 leather armour "Restrained With Me" {Will+ Dex+5, Comp, Melee} (curse)
rPois   .          Reflect  .    B - +2 helmet of the Astrological Yoke {Int+3, Self, Comp} (curse)
rElec   .          Harm     +    e - +2 cloak of the Shattered Planets {Melee, Self} (curse)
rCorr   .          Rampage  .    d - +2 pair of gloves of Ashenzari's Chagrin {Elem, Range} (curse)
Will    ++++.      Clarity  +    N - +2 pair of boots of Cremastomancy {Self, Fort} (curse)
Stlth   +.........               Q - amulet of the Prophetic Jealousy {RegenMP, Fort, Bglg} (curse)
HPRegen 0.65/turn                S - ring "Profound Mysticism" {rF+ Dex+6, Fort, Melee} (curse)
MPRegen 0.69/turn                I - ring of the Tethered Omen {rC+, Range, Cun} (curse)

@: glowing
A: sense surroundings 3, otherworldly, glowing, explore regen, berserk 1, dopey
1, weak 1
0: Orb of Zot
}: 3/15 runes: decaying, silver, gossamer
a: Renounce Religion, Shatter the Chains


You escaped.
You worshipped Ashenzari.
Ashenzari was exalted by your worship.
You visited 8 branches of the dungeon, and saw 44 of its levels.
You visited 1 bazaar.
You also visited: Trove, Gauntlet and Ice Cave.

You collected 4035 gold pieces.
You spent 3350 gold pieces at shops.

Inventory:

Hand Weapons
 p - the cursed +8 demon blade "Leech" (weapon) {vamp, Harm Drain rN+, Fort, Elem}
   (You found it on level 2 of the Lair of Beasts)

   It heals its wielder for a portion of the damage dealt every time it strikes
   a living foe.
   rN:        It protects you from negative energy.
   Drain:     It drains your maximum health when unequipped.
   Harm:      It increases damage dealt and taken.
   It has a curse which improves the following skills: Fortitude: Armour and
   Shields.
   Elements:  Fire Magic, Ice Magic, Air Magic and Earth Magic.
Armour
 d - the cursed +2 pair of gloves of Ashenzari's Chagrin (worn) {Elem, Range}
   (You bought it in a shop on level 2 of the Orcish Mines)

   It has a curse which improves the following skills: Elements: Fire Magic, Ice
   Magic, Air Magic and Earth Magic.
   Ranged Combat: Ranged Weapons and Throwing.
 e - the cursed +2 cloak of the Shattered Planets (worn) {Melee, Self}
   (You found it on level 3 of the Lair of Beasts)

   It has a curse which improves the following skills: Melee Combat: Short
   Blades, Long Blades, Axes, Maces & Flails, Polearms, Staves and Unarmed
   Combat.
   Introspection: Fighting and Spellcasting.
 z - the cursed +5 kite shield of the Cursed Incredulity (worn) {rF+, Alch, Bglg}
   (You took it off a tengu warrior on level 3 of the Depths)

   It has a curse which improves the following skills: Alchemy: Poison Magic and
   Transmutations.
   Beguiling: Conjurations, Hexes and Translocations.
 B - the cursed +2 helmet of the Astrological Yoke (worn) {Int+3, Self, Comp}
   (You found it on level 2 of the Spider Nest)

   It has a curse which improves the following skills: Introspection: Fighting
   and Spellcasting.
   Companions: Summonings and Necromancy.
 K - the cursed +0 leather armour "Restrained With Me" (worn) {Will+ Dex+5, Comp, Melee}
   (You found it on level 5 of the Lair of Beasts)

   Dex:       It affects your dexterity (+5).
   Will:      It increases your willpower.
   It has a curse which improves the following skills: Companions: Summonings
   and Necromancy.
   Melee Combat: Short Blades, Long Blades, Axes, Maces & Flails, Polearms,
   Staves and Unarmed Combat.
 N - the cursed +2 pair of boots of Cremastomancy (worn) {Self, Fort}
   (You found it on level 6 of the Dungeon)

   It has a curse which improves the following skills: Introspection: Fighting
   and Spellcasting.
   Fortitude: Armour and Shields.
Jewellery
 I - the cursed ring of the Tethered Omen (right hand) {rC+, Range, Cun}
   (You found it on level 5 of the Dungeon)

   [ring of protection from cold]

   rC:        It protects you from cold.
   It has a curse which improves the following skills: Ranged Combat: Ranged
   Weapons and Throwing.
   Cunning:   Dodging and Stealth.
 Q - the cursed amulet of the Prophetic Jealousy (around neck) {RegenMP, Fort, Bglg}
   (You found it on level 4 of the Dungeon)

   [amulet of magic regeneration]

   It increases your rate of magic regeneration.
   It has a curse which improves the following skills: Fortitude: Armour and
   Shields.
   Beguiling: Conjurations, Hexes and Translocations.
 S - the cursed ring "Profound Mysticism" (left hand) {rF+ Dex+6, Fort, Melee}
   (You bought it in a shop in a bazaar)

   [ring of dexterity]

   Dex:       It affects your dexterity (+6).
   rF:        It protects you from fire.
   It has a curse which improves the following skills: Fortitude: Armour and
   Shields.
   Melee Combat: Short Blades, Long Blades, Axes, Maces & Flails, Polearms,
   Staves and Unarmed Combat.
Wands
 r - a wand of charming (9)
 s - a wand of mindburst (14) (quivered)
 v - a wand of digging (3)
 C - a wand of roots (22)
 J - a wand of quicksilver (11)
Scrolls
 i - 3 scrolls of fear
 k - 5 scrolls of fog
 o - 3 scrolls of summoning
 A - a scroll of blinking
 D - 2 scrolls of enchant armour
 F - 10 scrolls of vulnerability
 M - 7 scrolls of poison
 P - a scroll of magic mapping
 T - 2 scrolls of immolation
 V - 13 scrolls of teleportation
 W - a scroll of silence
Potions
 b - 7 potions of magic
 f - 11 potions of attraction
 l - 17 potions of curing
 n - 2 potions of berserk rage
 u - 7 potions of mutation
 G - 8 potions of cancellation
 H - 6 potions of lignification
 L - a potion of flight
 O - 2 potions of haste
 R - 12 potions of heal wounds
 U - 3 potions of might
 X - a potion of resistance
 Y - 2 potions of brilliance
Miscellaneous
 c - a phial of floods (inert)
 w - a lightning rod (4/4)
 x - a box of beasts
 y - a phantom mirror
 E - a condenser vane
 Z - a tin of tremorstones (2/2) {+f+f}


   Skills:
 + Level 24.7(27) Fighting
 - Level 5.0(12.9) Short Blades
 - Level 14.7(20.0) Long Blades
 - Level 17.5(20.0) Dodging
 - Level 3.0(5.2) Stealth
 - Level 20.3(26.1) Shields
 - Level 5.7(10.6) Unarmed Combat
 - Level 11.6(16.7) Spellcasting
 - Level 10.6(14.5) Conjurations
 - Level 4.4(8.0) Hexes
 - Level 14.0(17.9) Summonings
 - Level 2.8(6.0) Necromancy
 - Level 10.5(14.4) Translocations
 - Level 11.0(13.6) Transmutations
 - Level 3.8(7.3) Air Magic
 - Level 17.0(20.8) Earth Magic
 - Level 3.0(5.2) Poison Magic
 + Level 17.7 Evocations


You had 7 spell levels left.
You knew the following spells:

 Your Spells              Type           Power      Damage    Failure   Level
a - Iron Shot             Conj/Erth      39%        9d8       1%          6
p - Passwall              Tmut/Erth      65%        N/A       0%          2
q - Manifold Assault      Tloc           72%        N/A       1%          4
s - Spellforged Servitor  Conj/Summ      38%        N/A       4%          7
w - Borgnjor's Vile Clut  Necr/Erth      34%        N/A       1%          5
x - Statue Form           Tmut/Erth      52%        N/A       1%          6
I - Dispersal             Tloc           36%        N/A       1%          6
P - Silence               Hex/Air        26%        N/A       4%          5
S - Mephitic Cloud        Conj/Pois/Air  57%        N/A       1%          3
U - Yara's Violent Unrav  Hex/Tmut       31%        3d13      1%          5
Y - Swiftness             Air            52%        N/A       1%          3

Your spell library contained the following spells:

 Spells                   Type           Power      Damage    Failure   Level
 Apportation              Tloc           100%       N/A       0%          1
 Magic Dart               Conj           100%       1d8       0%          1
 Sandblast                Erth           100%       2d20      0%          1
 Summon Small Mammal      Summ           100%       N/A       0%          1
 Call Imp                 Summ           80%        N/A       0%          2
 Call Canine Familiar     Summ           80%        N/A       0%          3
 Stone Arrow              Conj/Erth      100%       3d13      0%          3
 Animate Armour           Summ/Erth      100%       N/A       0%          4
 Necrotise                Necr           100%       1d9       1%          1
 Shock                    Conj/Air       100%       1d9       1%          1
 Cigotuvi's Dreadful Rot  Necr/Pois/Air  94%        N/A       1%          2
 Ensorcelled Hibernation  Hex/Ice        78%        N/A       1%          2
 Poisonous Vapours        Pois/Air       96%        N/A       1%          2
 Dazzling Flash           Conj/Hex       100%       N/A       1%          3
 Hailstorm                Conj/Ice       52%        3d12      1%          3
 Inner Flame              Hex/Fire       39%        N/A       1%          3
 Summon Guardian Golem    Hex/Summ       68%        N/A       1%          3
 Airstrike                Air            26%        2d(4-20)  1%          4
 Flame Wave               Conj/Fire      52%        2d13      1%          4
 Ice Form                 Ice/Tmut       51%        N/A       1%          4
 Iskenderun's Mystic Bla  Conj/Tloc      72%        2d15      1%          4
 Petrify                  Tmut/Erth      78%        N/A       1%          4
 Sticky Flame             Conj/Fire      52%        2d7       1%          4
 Summon Ice Beast         Ice/Summ       57%        N/A       1%          4
 Summon Lightning Spire   Summ/Air       67%        N/A       1%          4
 Blade Hands              Tmut           34%        N/A       1%          5
 Summon Mana Viper        Hex/Summ       68%        N/A       1%          5
 Monstrous Menagerie      Summ           40%        N/A       1%          7
 Alistair's Intoxication  Tmut/Pois      38%        N/A       2%          5
 Animate Dead             Necr           46%        N/A       3%          4
 Olgreb's Toxic Radiance  Pois           43%        N/A       4%          4
 Frozen Ramparts          Ice            42%        1d7       9%          3
 Ozocubu's Armour         Ice            21%        N/A       9%          3
 Agony                    Necr           46%        N/A       9%          5
 Orb of Destruction       Conj           36%        9d11      9%          7
 Metabolic Englaciation   Hex/Ice        19%        N/A       19%         5
 Starburst                Conj/Fire      26%        6d8       26%         6
 Storm Form               Tmut/Air       30%        N/A       41%         7
 Death Channel            Necr           23%        N/A       43%         6
 Simulacrum               Ice/Necr       17%        N/A       83%         6
 Ozocubu's Refrigeration  Ice            10%        4d9       100%        7
 Disjunction              Tloc           36%        N/A       54%         8
 Necromutation            Tmut/Necr      29%        N/A       99%         8
 Borgnjor's Revivificati  Necr           23%        N/A       100%        8
 Ignition                 Fire           10%        3d5       100%        8
 Maxwell's Capacitive Co  Air            26%        ∞         100%        8
 Death's Door             Necr           23%        N/A       100%        9
 Polar Vortex             Ice            10%        N/A       100%        9


Dungeon Overview and Level Annotations

Branches:
Dungeon (15/15)            Temple (0/1) D:7            Lair (5/5) D:10
  Swamp (4/4) Lair:3       Spider (4/4) Lair:2        Slime (0/5) Lair:4
    Orc (2/2) D:9             Elf (0/3) Orc:2        Vaults (5/5) D:13
  Crypt (0/3) Vaults:2     Depths (4/4) D:15            Zot (5/5) Depths:4
  IceCv (visited)         Gauntlet (visited)

Altars:
Ashenzari
Cheibriados
Dithmenos
Elyvilon
Gozag
Kikubaaqudgha
Makhleb
Nemelex Xobeh
Okawaru
Sif Muna
Trog
Uskayaw
Wu Jian
Yredelemnul
Jiyva

Shops:
Orc:2 ***[   Vaults:2 !   Depths:1 *=   Depths:2 *

Portals:
Hell: Depths:1 Depths:2 Depths:4
Abyss: Depths:3
Pandemonium: Depths:2


Innate Abilities, Weirdness & Mutations

You passively map a large area around you.
You are easily found by Zot.
You glow in the dark.
You regain HP and MP as you explore.
You sometimes lose your temper in combat.
You are dopey. (Int -2)
You are weak. (Str -2)


Message History

You climb downwards.
There is a stone staircase leading up here.
Unknown command.
Unknown command.
A chaos spawn is nearby!
A chaos spawn is nearby!
A chaos spawn is nearby!
There is a stone staircase leading up here.
You climb upwards.
There is a stone staircase leading down here.
There is a stone staircase leading up here.
You climb upwards.
A reaper comes into view. It is wielding a +2 vorpal scythe.
There is a stone staircase leading down here.
Okay, then.
You block the reaper's attack. You block the reaper's attack.
You block the reaper's attack.
Spellforged servitor You summon a servant imbued with your destructive magic!
You block the reaper's attack.
Unknown command.
You block the reaper's attack.
Your spellforged servitor casts a spell at the reaper.
The iron shot hits the reaper!!
Your spellforged servitor casts a spell at the reaper.
The iron shot hits the reaper!!!
The reaper barely misses your spellforged servitor.
Please select a direction to dig.
This square is covered in magical glow.
The rock shatters into small pieces.
The reaper hits your spellforged servitor from afar with a +2 vorpal scythe!!
Your spellforged servitor points at the reaper and mumbles some strange words.
The iron shot hits the reaper!!
The reaper dies!
Please select a direction to dig.
This square is covered in magical glow.
The rock shatters into small pieces.
There is a staircase leading out of the dungeon here.
You have escaped!

#.##.# #.### #.#######.# #.#*.#
#...# #.........# #.##.# ###.#
########.## ### #.##.# #.# #.#
..# #.##.# #.# #.# #.# #.##.# #.#
#.# #.# #.##.# ### ##.### #.#
#.##.####♣##### #.....
##.#####........@....## #..###
..........#.###♣..♣##9## #...##
...######.#.####..♣ ##.## #.#.#
........#.#...#♣[♣##..#.####.#.##
#.........#.##..♣.♣.#.##.##......
.............####♣.##.*##9#......
..#########.# **####.* ##.......
..# #.#* * #.#####...... ..# #.#
,, .............


You could see a friendly spellforged servitor (summoned).

Vanquished Creatures
  2 dread liches (Zot:5)
  3 orbs of fire (Zot:5)
  4 ancient liches
  Mara (Vaults:5)
  The ghost of Natuc the Slayer, a master DsHu of Okawaru (Zot:1)
  Sojobo (Depths:3)
  Bai Suzhen (Swamp:3)
  the Lernaean hydra (Swamp:4)
  2 Killer Klowns
  2 caustic shrikes (Depths:4)
  3 curse toes
  7 golden dragons
  Nikola (Swamp:3)
  Arachne (Spider:3)
  6 tentacled monstrosities
  An electric golem (Zot:5)
  22 Orb Guardians (Zot:5)
  2 liches
  2 quicksilver dragons
  A titan (Vaults:5)
  An Executioner (D:6)
  A sphinx (Vaults:5)
  4 death cobs
  2 ancient champions (Vaults:2)
  9 tengu reavers
  9 storm dragons
  10 shadow dragons
  A draconian monk (Zot:4)
  3 draconian knights
  2 draconian scorchers
  A deep elf sorcerer (Depths:3)
  4 fire giants
  6 emperor scorpions
  21 vault wardens
  8 frost giants
  7 ghost moths
  Aizul (Spider:1)
  2 draconian stormcallers
  2 orc warlords
  A draconian shifter (Zot:1)
  A reaper (IceCv)
  16 very ugly things
  12 stone giants
  15 ironbound preservers
  A vampire knight (Depths:2)
  5 war gargoyles
  2 ironbound thunderhulks
  2 green draconians
  5 black draconians
  11 eleionomae
  5 bunyips
  The ghost of porkupine the Warrior, a journeyman MiMo of the Shining One (D:13)
  2 red draconians (Zot:4)
  The ghost of Meow the Fighter, a journeyman NaCj of Gozag (Lair:1)
  9 spark wasps
  7 yellow draconians
  A minotaur (Gauntlet)
  2 white draconians
  5 purple draconians
  6 ettins
  9 dire elephants
  2 great orbs of eyes
  3 crystal guardians
  8 fire dragons
  8 yaktaur captains
  2 deep elf high priests
  6 jiangshi
  5 entropy weavers
  3 rakshasas (Depths:1)
  28 vault guards
  Harold (Orc:1)
  2 peacekeepers (Vaults:4)
  9 ghost crabs
  10 ironbound frosthearts
  A salamander tyrant (Depths:2)
  An anaconda (Lair:5)
  A hell beast (Depths:3)
  2 catoblepae
  23 hydras
  A death knight (Vaults:2)
  5 ice dragons
  2 jorogumos
  2 radroaches
  2 spriggan air magi
  2 ogre magi
  13 boulder beetles
  3 dancing weapons
  5 two-headed ogres
  22 centaur warriors
  7 deep troll shamans
  8 alligators
  2 vampire magi
  A death scarab (Spider:4)
  6 deep troll earth magi
  6 orc high priests
  8 tengu warriors
  3 spriggan berserkers
  2 soul eaters
  21 hell knights
  2 sixfirhies (Gauntlet)
  3 goliath frogs
  The ghost of Stormy the Skirmisher, a novice HuHu of Fedhas (D:7)
  6 pharaoh ants
  8 iron trolls
  14 swamp dragons
  57 deep trolls
  4 glowing orange brains
  5 spriggan druids
  5 steelbarb worms
  3 orb spiders
  A steelbarb worm (shapeshifter) (Vaults:5)
  11 ironbound convokers
  2 nameless horrors
  7 wizards
  4 lindwurms
  3 deep elf pyromancers
  6 phantasmal warriors
  19 wolf spiders
  11 necromancers
  18 orc knights
  Pikel (D:5)
  A deep elf zephyrmancer (Depths:3)
  2 orc sorcerers
  A tengu skeleton (Depths:1)
  3 cyclopes
  A faun (shapeshifter) (Vaults:5)
  A frost giant zombie (Depths:1)
  3 will-o-the-wisps (Swamp:4)
  A wolf spider (shapeshifter) (Vaults:5)
  4 manticores
  A sphinx skeleton (Depths:2)
  5 elephants (Lair:4)
  37 ugly things
  2 stone giant zombies (Vaults:3)
  2 salamanders (Depths:2)
  A guardian serpent (Lair:5)
  10 black mambas
  4 apocalypse crabs (Swamp:1)
  17 moths of wrath
  16 vault sentinels
  An orange demon (D:15)
  4 torpor snails
  5 gargoyles
  An ice statue (IceCv)
  An elf zombie (Vaults:3)
  9 demonic crawlers
  3 efreet (D:13)
  An unseen horror (D:10)
  14 cane toads
  5 rime drakes
  4 kobold demonologists
  6 tengu conjurers
  34 yaktaurs
  An anaconda simulacrum (IceCv)
  10 komodo dragons
  A hellwing (D:13)
  An ice devil (IceCv)
  2 freezing wraiths (Vaults:5)
  2 trolls
  5 meliai
  A bloated husk (Swamp:1)
  18 polar bears
  22 hornets
  10 tyrant leeches
  10 blink frogs
  18 tarantellas
  6 dream sheep (Lair:4)
  A wolf spider simulacrum (D:15)
  A frost giant simulacrum (Depths:1)
  22 slime creatures
  14 jumping spiders
  A stone giant simulacrum (Vaults:3)
  3 air elementals (Depths:3)
  3 centaur simulacra (D:15)
  23 culicivoras
  A shadow (D:13)
  A vampire (D:8)
  2 water elementals
  6 wraiths
  13 wyverns
  54 yaks
  2 large abominations
  A dire elephant simulacrum (IceCv)
  18 spriggans
  68 redbacks
  A basilisk (shapeshifter) (D:13)
  18 vampire mosquitoes
  2 redbacks (shapeshifter)
  Edmund (D:5)
  2 death yak simulacra (IceCv)
  15 swamp worms
  8 wargs
  2 harpy simulacra (IceCv)
  A swamp worm (shapeshifter) (Vaults:5)
  An acid dragon (D:12)
  13 water moccasins
  Duvessa (D:5)
  15 hell hounds (Lair:5)
  6 swamp drakes (Swamp:4)
  A hydra simulacrum (IceCv)
  A floating eye (shapeshifter) (D:15)
  A meliai simulacrum (D:15)
  39 orc warriors
  5 sky beasts
  7 ice beasts
  14 black bears
  2 boggarts (Vaults:1)
  6 ogres
  24 wolves
  12 centaurs
  2 lemures (D:5)
  A human skeleton (Vaults:3)
  A phantom (D:7)
  A kobold brigand (D:9)
  8 bullfrogs
  A cane toad simulacrum (IceCv)
  3 gnoll sergeants
  An ogre simulacrum (Vaults:3)
  3 two-headed ogre simulacra (IceCv)
  2 earth elementals (Depths:3)
  6 small abominations (Gauntlet)
  4 scorpions
  11 wights
  Dowan (D:5)
  3 elephant simulacra (IceCv)
  26 killer bees
  2 electric eels
  3 howler monkeys
  2 jellies
  28 orc priests
  5 hounds
  A jelly (shapeshifter) (D:15)
  2 gnoll boudas
  19 orc wizards
  5 iguanas
  5 spriggan simulacra (IceCv)
  3 wolf simulacra (IceCv)
  2 polar bear simulacra (IceCv)
  4 troll simulacra (IceCv)
  9 adders
  18 gnolls
  7 naga simulacra (IceCv)
  A shadow imp (D:7)
  14 white imps
  8 ufetubi
  2 worms
  3 dart slugs
  98 orcs
  11 endoplasms
  4 giant cockroaches
  12 goblins
  12 hobgoblins
  11 jackals
  11 kobolds
  3 quokkas
  10 ball pythons
  2 bats (D:2)
  5 frilled lizards
  4 rats
  3 pillars of salt (Vaults:3)
  A plant (Lair:5)
1847 creatures vanquished.

Vanquished Creatures (collateral kills)
  An ancient lich (Zot:1)
  An orb of fire (Zot:5)
  2 dread liches (Zot:1)
  The ghost of Towy the Hand of Fortune, a legendary MfGl of Nemelex Xobeh (Zot:1)
  2 Killer Klowns (Zot:5)
  Frederick (Depths:3)
  2 golden dragons (Zot:4)
  2 caustic shrikes (Depths:4)
  A curse toe (Zot:4)
  A bone dragon (Depths:4)
  2 Orb Guardians (Zot:5)
  3 storm dragons
  A shadow dragon (Zot:5)
  A draconian knight (Depths:4)
  A draconian scorcher (Depths:4)
  A reaper (D:1)
  3 very ugly things (Depths:2)
  A red draconian (Zot:4)
  A purple draconian (Zot:4)
  A spark wasp (Depths:2)
  A yellow draconian (Zot:5)
  2 ettins
  A deep elf death mage (Vaults:5)
  2 rakshasas (Depths:2)
  An ice dragon (Depths:2)
  3 tengu warriors
  3 deep troll earth magi
  2 hell knights (Depths:4)
  A spriggan (Depths:1)
  2 iron trolls
  2 deep trolls (Depths:4)
  5 ugly things
  A tengu skeleton (Depths:2)
  2 tengu conjurers
  A hornet (Depths:1)
  A large abomination (D:6)
  A culicivora (Spider:4)
  A water elemental (Depths:2)
  A redback (Spider:4)
  A swamp drake (Swamp:4)
  A glowing shapeshifter skeleton (Depths:2)
  A centaur (D:14)
  A killer bee (D:9)
66 creatures vanquished.

Vanquished Creatures (others)
  A dread lich (Vaults:5)
  A stone giant (Depths:4)
  An ironbound thunderhulk (Vaults:2)
  A shambling mangrove (Swamp:1)
  2 hydras (Swamp:1)
  A vault guard (Vaults:5)
  A shadow wraith (Vaults:5)
  A spriggan druid (Swamp:1)
  A slime creature (D:12)
  A spriggan (Swamp:1)
  A jumping spider (Spider:1)
  An ogre (Orc:1)
  An orc priest (Orc:1)
  2 orcs (Orc:1)
  4 foxfires (Swamp:4)
  15 fungi
  37 plants
72 creatures vanquished.

Grand Total: 1985 creatures vanquished

Notes
Turn   | Place    | Note
-------+----------+-------------------------------------------
     0 | D:1      | yakattack the Meteoran Earth Elementalist began the quest
                  | for the Orb.
     0 | D:1      | Reached XP level 1. HP: 14/14 MP: 5/5
    89 | D:1      | Reached XP level 2. HP: 13/20 MP: 2/7
   138 | D:1      | Learned a level 2 spell: Passwall
   241 | D:1      | Reached XP level 3. HP: 26/26 MP: 6/8
   437 | D:2      | Learned a level 3 spell: Stone Arrow
   486 | D:2      | Reached skill level 1 in Conjurations
   486 | D:2      | Reached XP level 4. HP: 33/33 MP: 6/10
   861 | D:2      | Reached XP level 5. HP: 38/38 MP: 10/12
   969 | D:3      | Reached skill level 5 in Earth Magic
  1253 | D:3      | Found a broken altar of Ashenzari.
  1275 | D:3      | Became a worshipper of Ashenzari the Shackled
  1332 | D:3      | Found an ornate altar of the Wu Jian Council.
  1336 | D:3      | Found a basalt altar of Yredelemnul.
  1431 | D:4      | Reached XP level 6. HP: 45/45 MP: 11/13
  1480 | D:5      | Entered Level 5 of the Dungeon
  1494 | D:5      | Noticed Edmund
  1509 | D:5      | Killed Edmund
  1625 | D:4      | Reached XP level 7. HP: 50/50 MP: 12/14
  1628 | D:4      | Reached skill level 5 in Conjurations
  1849 | D:5      | Learned a level 3 spell: Mephitic Cloud
  1880 | D:5      | Reached skill level 1 in Air Magic
  1880 | D:5      | Reached skill level 1 in Poison Magic
  1967 | D:6      | Reached XP level 8. HP: 57/57 MP: 11/15
  2090 | D:5      | Noticed Dowan
  2098 | D:5      | Noticed Duvessa
  2107 | D:5      | Killed Duvessa
  2108 | D:5      | Killed Dowan
  2109 | D:5      | Reached skill level 5 in Spellcasting
  2215 | D:5      | Noticed Pikel
  2236 | D:5      | Killed Pikel
  2237 | D:5      | Gained mutation: You passively map the area around you.
                  | [Meteoran growth]
  2237 | D:5      | Reached XP level 9. HP: 37/62 MP: 2/19
  2349 | D:5      | You are sucked into a shaft and drop 2 floors!
  2426 | D:6      | Reached skill level 2 in Fighting
  2427 | D:6      | Reached skill level 3 in Fighting
  2452 | D:6      | Reached skill level 4 in Fighting
  2537 | D:6      | Reached skill level 5 in Fighting
  2549 | D:6      | Reached * piety under Ashenzari
  2609 | D:6      | Learned a level 4 spell: Petrify
  2609 | D:6      | Reached ** piety under Ashenzari
  2639 | D:6      | Reached skill level 1 in Short Blades
  2729 | D:7      | Reached XP level 10. HP: 51/84 MP: 12/21
  2787 | D:7      | Found a large runed translucent door.
  2787 | D:7      | Found a large runed translucent door.
  2789 | D:7      | Noticed Stormy's ghost (novice HuHu)
  2797 | D:7      | Killed Stormy's ghost
  2896 | D:7      | Reached skill level 5 in Short Blades
  2914 | D:7      | Reached skill level 6 in Fighting
  2970 | D:7      | Noticed a cyan ugly thing
  2984 | D:7      | Killed a cyan ugly thing
  2985 | D:7      | Reached skill level 7 in Fighting
  3084 | D:7      | Found a staircase to the Ecumenical Temple.
  3122 | D:8      | Reached skill level 8 in Fighting
  3171 | D:9      | Reached XP level 11. HP: 80/99 MP: 8/22
  3181 | D:8      | Reached skill level 9 in Fighting
  3214 | D:8      | Found a shimmering blue altar of Sif Muna.
  3224 | D:8      | Identified Sif Muna's Reference Book on the Zephyr
  3542 | D:8      | Reached skill level 5 in Transmutations
  3547 | D:8      | Noticed a tengu warrior
  3548 | D:8      | Noticed a catoblepas
  3556 | D:8      | Noticed a cyclops
  3588 | D:8      | Killed a tengu warrior
  3679 | D:9      | Reached *** piety under Ashenzari
  3704 | D:9      | Learned a level 6 spell: Statue Form
  3838 | D:10     | Entered Level 10 of the Dungeon
  3908 | D:9      | Found a snail-covered altar of Cheibriados.
  4018 | D:9      | Found a staircase to the Orcish Mines.
  4028 | D:9      | Reached skill level 1 in Unarmed Combat
  4070 | D:9      | Reached skill level 10 in Earth Magic
  4305 | D:9      | Identified the cursed +2 pair of boots of Cremastomancy
                  | {Self, Fort} (You found it on level 6 of the Dungeon)
  4305 | D:9      | Identified the cursed +0 robe of Supernal Understanding
                  | {Range, Alch}
  4354 | D:9      | Noticed a two-headed ogre
  4396 | D:9      | Killed a two-headed ogre
  4493 | D:8      | Killed a catoblepas
  4494 | D:8      | Reached XP level 12. HP: 106/106 MP: 22/22
  4526 | D:8      | Identified the +11 executioner's axe of Equivalence
                  | {freeze, rF- rCorr Int+9 Stlth+}
  4526 | D:8      | Noticed a centaur warrior
  4541 | D:8      | Killed a centaur warrior
  4542 | D:8      | Reached skill level 5 in Dodging
  4711 | D:10     | Noticed a two-headed ogre
  4733 | D:10     | Killed a two-headed ogre
  4850 | D:10     | Reached skill level 5 in Unarmed Combat
  4940 | D:10     | Found a staircase to the Lair.
  5101 | D:10     | Reached skill level 1 in Shields
  5156 | Lair:1   | Entered Level 1 of the Lair of Beasts
  5179 | Lair:2   | Found the +8 demon blade "Leech" {vamp, Harm Drain rN+}
  5221 | Lair:2   | Found a gate leading to a gauntlet.
  5231 | Gauntlet | Entered a Gauntlet
  5231 | Gauntlet | Found a transporter.
  5231 | Gauntlet | Found a transporter.
  5231 | Gauntlet | Found a runed translucent door.
  5237 | Gauntlet | Noticed a death scarab
  5238 | Gauntlet | Found a transporter.
  5244 | Gauntlet | Found a transporter.
  5245 | Gauntlet | Found a transporter.
  5247 | Gauntlet | Found a transporter.
  5268 | Gauntlet | Found a runed translucent door.
  5278 | Gauntlet | Found a transporter.
  5362 | Gauntlet | Found a transporter.
  5393 | Gauntlet | Identified the ring "Tegului" {EV+4 Int+5}
  5410 | Gauntlet | Found a transporter.
  5412 | Gauntlet | Noticed a glowing orange brain
  5413 | Gauntlet | Noticed a glowing orange brain
  5413 | Gauntlet | Noticed a blizzard demon
  5413 | Gauntlet | Noticed a sixfirhy
  5420 | Gauntlet | Found a runed translucent gate.
  5420 | Gauntlet | Found a runed translucent gate.
  5420 | Gauntlet | Found a runed translucent gate.
  5423 | Gauntlet | Found a transporter.
  5439 | Gauntlet | Found a transporter.
  5446 | Gauntlet | Noticed a sixfirhy
  5456 | Gauntlet | Killed a sixfirhy
  5465 | Gauntlet | Killed a sixfirhy
  5466 | Gauntlet | Found a transporter.
  5466 | Gauntlet | Identified the ring "Soigromajer" {+Blink MP+9 AC+4}
  5467 | Gauntlet | Identified the ring of Meklyo {rN++ Will+ rCorr Int-3
                  | Stlth+}
  5474 | Gauntlet | Found a transporter.
  5483 | Gauntlet | Noticed a minotaur
  5495 | Gauntlet | Killed a minotaur
  5496 | Gauntlet | Reached skill level 5 in Long Blades
  5496 | Gauntlet | Reached XP level 13. HP: 113/113 MP: 24/24
  5608 | Lair:2   | Found a hole to the Spider Nest.
  5616 | Lair:2   | Identified the +0 scale mail "Fuxket" {rPois Str+4}
  5720 | Lair:2   | Reached **** piety under Ashenzari
  5780 | Lair:3   | Reached skill level 1 in Translocations
  5785 | Lair:3   | Found a frozen archway.
  5794 | IceCv    | Entered an ice cave
  5800 | IceCv    | Learned a level 4 spell: Manifold Assault
  6226 | IceCv    | Noticed a reaper
  6228 | IceCv    | Glimpsed the power of Zot.
  6238 | IceCv    | Killed a reaper
  6250 | IceCv    | Identified Zuacw's Catalogue of Shifting Despicable Magic
  6250 | IceCv    | Identified the +6 flail of Ibruweel {vorpal, rN++}
  6274 | IceCv    | Glimpsed the power of Zot.
  6332 | Lair:3   | Identified the +8 long sword of the Open Hand {vorpal,
                  | Dex+2 SInv}
  6508 | Lair:4   | Reached skill level 5 in Translocations
  6584 | Lair:4   | Found a viscous altar of Jiyva.
  6585 | Lair:4   | Found a staircase to the Slime Pits.
  6680 | Lair:5   | Entered Level 5 of the Lair of Beasts
  6722 | Lair:4   | Reached skill level 10 in Long Blades
  6791 | Lair:4   | Reached XP level 14. HP: 125/125 MP: 24/28
  6944 | Lair:4   | Reached skill level 10 in Transmutations
  6963 | Lair:4   | Reached skill level 10 in Fighting
  7229 | Lair:5   | Identified the +7 battleaxe "Host" {freeze, Str+3 Int+2}
  7230 | Lair:5   | Identified the +1 dagger of the Endless Expanse {speed,
                  | rPois Int+6}
  7422 | Lair:5   | Reached skill level 11 in Fighting
  7480 | Lair:5   | Identified the +0 leather armour "Hikhluun" {Will+ Dex+5}
  7508 | Lair:5   | Reached ***** piety under Ashenzari
  7723 | Lair:5   | Reached XP level 15. HP: 135/135 MP: 21/29
  8224 | Lair:3   | Found a staircase to the Swamp.
  8277 | Lair:3   | Reached skill level 15 in Earth Magic
  8463 | Orc:1    | Entered Level 1 of the Orcish Mines
  8471 | Orc:1    | Noticed Harold
  8507 | Orc:1    | Killed Harold
  8519 | Orc:2    | Entered Level 2 of the Orcish Mines
  8809 | Orc:2    | Reached XP level 16. HP: 145/145 MP: 30/30
  8843 | Orc:2    | Reached skill level 12 in Fighting
  8856 | Orc:2    | Found Dixyc's Assorted Antiques.
  8856 | Orc:2    | Found Ustreosu's Antique Armour Shoppe.
  8857 | Orc:2    | Found Orupriole's General Store.
  8857 | Orc:2    | Found Aloyfy Yze's General Store.
  8868 | Orc:2    | Bought a pair of glowing gloves for 262 gold pieces
  8874 | Orc:2    | Bought a scroll of blinking for 90 gold pieces
  8876 | Orc:2    | Bought a scroll of enchant armour for 112 gold pieces
  8877 | Orc:2    | Bought an embroidered hat for 196 gold pieces
  8877 | Orc:2    | Bought a scroll of silence for 266 gold pieces
  8877 | Orc:2    | Bought a ruby ring for 140 gold pieces
  8950 | Orc:2    | Found a staircase to the Elven Halls.
  9395 | Swamp:1  | Entered Level 1 of the Swamp
  9444 | Swamp:1  | Reached skill level 13 in Fighting
  9487 | Swamp:1  | Learned a level 6 spell: Dispersal
  9638 | Swamp:3  | Reached skill level 14 in Fighting
  9639 | Swamp:3  | Noticed Bai Suzhen
  9654 | Swamp:3  | Killed Bai Suzhen
  9751 | Swamp:4  | Entered Level 4 of the Swamp
  9805 | Swamp:4  | Identified the ring "Tuwkam" {AC+4 Dex+2}
  9838 | Swamp:4  | Reached XP level 17. HP: 159/159 MP: 9/31
  9844 | Swamp:4  | Reached skill level 10 in Dodging
  9846 | Swamp:4  | Noticed the 27-headed Lernaean hydra
  9854 | Swamp:4  | Killed the 27-headed Lernaean hydra
  9883 | Swamp:4  | Reached skill level 15 in Fighting
  9933 | Swamp:4  | Got a decaying rune of Zot
  9979 | Swamp:4  | Identified the cursed +2 pair of gloves of Ashenzari's
                  | Chagrin {Elem, Range} (You bought it in a shop on level 2
                  | of the Orcish Mines)
  9991 | Swamp:4  | Reached skill level 10 in Translocations
 10505 | Swamp:3  | Noticed Nikola
 10519 | Swamp:3  | Killed Nikola
 10877 | Swamp:2  | Reached skill level 5 in Evocations
 11081 | Swamp:1  | Found a runed translucent door.
 11096 | Swamp:1  | Gained mutation: You passively map a large area around you.
                  | [Meteoran growth]
 11096 | Swamp:1  | Reached XP level 18. HP: 174/176 MP: 33/33
 11171 | Swamp:1  | Paralysed by you for 3 turns
 11194 | Swamp:1  | Identified the +8 quarterstaff of Kamnupt {drain, Str+4
                  | Int+5}
 11481 | Spider:1 | Entered Level 1 of the Spider Nest
 11635 | Spider:1 | Reached skill level 10 in Evocations
 11646 | Spider:1 | Learned a level 5 spell: Yara's Violent Unravelling
 11659 | Spider:2 | Reached skill level 16 in Fighting
 11807 | Spider:1 | Noticed Aizul
 11813 | Spider:1 | Killed Aizul
 11814 | Spider:1 | Reached skill level 17 in Fighting
 11826 | Spider:2 | Learned a level 3 spell: Swiftness
 11871 | Spider:4 | Entered Level 4 of the Spider Nest
 12044 | Spider:4 | Reached XP level 19. HP: 187/189 MP: 24/38
 12063 | Spider:3 | Reached skill level 10 in Spellcasting
 12231 | Spider:4 | Identified the +1 hat of Yesterday {+Inv rPois}
 12251 | Spider:4 | Got a gossamer rune of Zot
 12784 | Spider:3 | Learned a level 6 spell: Iron Shot
 12813 | Spider:3 | Reached ****** piety under Ashenzari
 12829 | Spider:3 | Reached skill level 18 in Fighting
 12924 | Spider:3 | Noticed Arachne
 12936 | Spider:3 | Killed Arachne
 13132 | Spider:1 | Identified the +6 scimitar "Byanwero" {venom, rN+ Will+
                  | Int-2 Dex+4}
 13145 | Spider:1 | Gained mutation: You are weak. (Str -2) [mutagenic glow]
 13158 | Spider:1 | Gained mutation: You are dopey. (Int -2) [mutagenic glow]
 13423 | Lair:1   | Found a transporter.
 13427 | Lair:1   | Noticed Meow's ghost (journeyman NaCj)
 13430 | Lair:1   | Found a bloodstained altar of Trog.
 13452 | Lair:1   | Killed Meow's ghost
 13464 | Lair:1   | Reached skill level 19 in Fighting
 13473 | Lair:1   | Found a transporter.
 13506 | Lair:1   | Glimpsed the power of Zot.
 13968 | D:11     | Found a portal to a secret trove of treasure.
 14237 | D:12     | Reached XP level 20. HP: 207/207 MP: 41/41
 14694 | D:13     | Reached skill level 20 in Fighting
 14697 | D:13     | Found an opulent altar of Gozag.
 14714 | D:13     | Found a runed translucent gate.
 14715 | D:13     | Found a runed translucent gate.
 14717 | D:13     | Found a runed translucent gate.
 14717 | D:13     | Noticed porkupine's ghost (journeyman MiMo)
 14719 | D:13     | Identified the +10 morningstar "Enun" {vorpal, rF+ Dex+4}
 14720 | D:13     | Found an iron altar of Okawaru.
 14768 | D:13     | Killed porkupine's ghost
 14859 | D:13     | Found a burning altar of Makhleb.
 14859 | D:13     | Found an ornate altar of the Wu Jian Council.
 14861 | D:13     | Found a white marble altar of Elyvilon.
 14861 | D:13     | Found a hide-covered altar of Uskayaw.
 14895 | D:13     | Found an opulent altar of Gozag.
 15062 | D:13     | Found a gate to the Vaults.
 15076 | Vaults:1 | Entered Level 1 of the Vaults
 15125 | Vaults:2 | Reached skill level 21 in Fighting
 15193 | Vaults:2 | Identified the Parchment of the Snowflakes
 15256 | Vaults:2 | Reached skill level 5 in Shields
 15265 | Vaults:2 | Found Vymietae's Distillery.
 15292 | Vaults:2 | Bought a potion of heal wounds for 75 gold pieces
 15292 | Vaults:2 | Bought a potion of haste for 150 gold pieces
 15292 | Vaults:2 | Bought a potion of brilliance for 60 gold pieces
 15455 | Vaults:3 | Reached XP level 21. HP: 216/216 MP: 34/41
 15710 | Vaults:2 | Reached skill level 10 in Shields
 15711 | Vaults:2 | Reached skill level 15 in Dodging
 16099 | Vaults:3 | Reached XP level 22. HP: 220/220 MP: 40/40
 16899 | Vaults:5 | Entered Level 5 of the Vaults
 16918 | Vaults:5 | Reached skill level 1 in Summonings
 16931 | Vaults:5 | Reached XP level 23. HP: 234/234 MP: 31/43
 16978 | Vaults:5 | Reached skill level 5 in Summonings
 17115 | Vaults:5 | Identified the +5 mace "Zulocwua" {vorpal, Dex+6 Stlth+}
 17135 | Vaults:5 | Noticed an ancient lich
 17145 | Vaults:5 | Killed an ancient lich
 17203 | Vaults:5 | Reached skill level 10 in Summonings
 17225 | Vaults:5 | Identified the +2 scimitar "Zeid" {vorpal, Dex+2}
 17241 | Vaults:5 | Got a silver rune of Zot
 17347 | Vaults:5 | Noticed a golden dragon
 17356 | Vaults:5 | Killed a golden dragon
 17360 | Vaults:5 | Noticed Mara
 17374 | Vaults:5 | Killed Mara
 17448 | Vaults:5 | Learned a level 7 spell: Spellforged Servitor
 17461 | Vaults:5 | Learned a level 5 spell: Borgnjor's Vile Clutch
 17467 | Vaults:5 | Identified the Enchiridion on Intoxication and Cold
 17478 | Vaults:5 | Reached XP level 24. HP: 242/242 MP: 35/43
 17547 | Vaults:5 | Noticed a dread lich
 17564 | Vaults:5 | Killed a dread lich
 17568 | Vaults:5 | Noticed a golden dragon
 17578 | Vaults:5 | Killed a golden dragon
 17596 | Vaults:5 | Reached skill level 10 in Conjurations
 17848 | D:13     | You fall into a shaft and drop 2 floors!
 17848 | D:15     | Entered Level 15 of the Dungeon
 18082 | D:14     | Reached skill level 15 in Shields
 18154 | D:14     | Learned a level 5 spell: Silence
 18170 | D:14     | Reached skill level 1 in Hexes
 18537 | D:15     | Found a staircase to the Depths.
 18803 | Depths:1 | Entered Level 1 of the Depths
 18807 | Depths:1 | Found a gateway to Hell.
 18928 | Depths:1 | Found Coxzeesme's Jewellery Boutique.
 18938 | Depths:1 | Bought a ring of protection from fire for 400 gold pieces
 18938 | Depths:1 | Bought a ring of willpower for 400 gold pieces
 19083 | Depths:2 | Found a white marble altar of Elyvilon.
 19165 | Depths:3 | Found a shadowy altar of Dithmenos.
 19169 | Depths:3 | Noticed Sojobo
 19394 | D:11     | You paid a toll of a +4 demon whip to enter a treasure
                  | trove
 19395 | Trove    | Entered a treasure trove
 19397 | Trove    | Identified the +5 double sword "Boutuitt" {vorpal, *Corrode
                  | rF+ rC+ Dex+5}
 19397 | Trove    | Identified the +3 quick blade of Miotuecaov {vamp, rElec
                  | Int+3}
 19397 | Trove    | Identified the +11 double sword "Okhoek" {protect, rElec
                  | Will+}
 19399 | Trove    | Found the +7 Singing Sword {vorpal, sonic wave}
 19399 | Trove    | Identified the +4 triple sword of the Original Sin {venom,
                  | rPois rF+ rN+++ Str-2}
 19399 | Trove    | Identified the +8 hand axe of the Forging Shark {drain,
                  | *Rage Will+ Int+4}
 19399 | Trove    | Identified the +8 dagger "Ostoadd" {drain, rPois Int+2}
 19571 | Depths:1 | Found Huipla's Elemental Accessories.
 19579 | Depths:1 | Bought a scroll of fog for 64 gold pieces
 19641 | Depths:2 | Reached XP level 25. HP: 249/249 MP: 22/43
 19796 | Depths:2 | Found a one-way gate leading to the halls of Pandemonium.
 19824 | Depths:2 | Found Big Baal Hell's Store.
 19868 | Depths:3 | Killed Sojobo
 20059 | Depths:3 | Found a one-way gate to the infinite horrors of the Abyss.
 20129 | Depths:4 | Entered Level 4 of the Depths
 20154 | Depths:4 | Found a sparkling altar of Nemelex Xobeh.
 20167 | Depths:4 | Found a flickering gateway to a bazaar.
 20185 | Bazaar   | Entered a bazaar
 20195 | Bazaar   | Found Sugec's Assorted Antiques.
 20195 | Bazaar   | Found Nalaf's Book Boutique.
 20244 | Bazaar   | Found Keed's Jewellery Shop.
 20244 | Bazaar   | Found Yroceox's Distillery.
 20272 | Bazaar   | Bought the ring of Acwek {rF+ Dex+6} for 850 gold pieces
 20284 | Bazaar   | Bought a potion of haste for 150 gold pieces
 20284 | Bazaar   | Bought a potion of heal wounds for 75 gold pieces
 20284 | Bazaar   | Bought a potion of might for 60 gold pieces
 20688 | Depths:3 | Noticed Frederick
 20696 | Depths:3 | Killed Frederick
 20749 | Depths:3 | Identified the ring of Zoruvez {rPois rF+}
 20749 | Depths:3 | Noticed an ancient lich
 20754 | Depths:3 | Killed an ancient lich
 20766 | Depths:3 | Identified the +8 spear of the Unseen Realm {flame, rElec
                  | Int+2}
 20806 | Depths:4 | Reached XP level 26. HP: 252/252 MP: 32/43
 20822 | Depths:4 | Reached skill level 22 in Fighting
 20848 | Depths:4 | Noticed a caustic shrike
 20848 | Depths:4 | Noticed a caustic shrike
 20849 | Depths:4 | Noticed a caustic shrike
 20850 | Depths:4 | Noticed a caustic shrike
 20854 | Depths:4 | Killed a caustic shrike
 20857 | Depths:4 | Killed a caustic shrike
 20858 | Depths:4 | Killed a caustic shrike
 20861 | Depths:4 | Killed a caustic shrike
 20968 | Depths:4 | Found a gate to the Realm of Zot.
 21003 | Zot:1    | Entered Level 1 of the Realm of Zot
 21003 | Zot:1    | Found a runed translucent gate.
 21003 | Zot:1    | Found a runed translucent gate.
 21003 | Zot:1    | Found a runed translucent gate.
 21033 | Zot:1    | Noticed a curse toe
 21038 | Zot:1    | Noticed an ancient lich
 21038 | Zot:1    | Noticed Towy's ghost (legendary MfGl)
 21117 | Zot:1    | Killed a curse toe
 21133 | Zot:1    | Found an ancient bone altar of Kikubaaqudgha.
 21133 | Zot:1    | Noticed Natuc's ghost (master DsHu)
 21133 | Zot:1    | Noticed a dread lich
 21134 | Zot:1    | Identified the +1 pair of boots of the Jabberwock {Int+6}
 21134 | Zot:1    | Noticed a dread lich
 21135 | Zot:1    | Identified the ring of Diciupso {Wiz rElec rPois rCorr}
 21155 | Zot:1    | Killed a dread lich
 21158 | Zot:1    | Killed a dread lich
 21163 | Zot:1    | Killed Towy's ghost
 21164 | Zot:1    | Killed an ancient lich
 21176 | Zot:1    | Killed Natuc's ghost
 21252 | Zot:4    | Reached skill level 1 in Necromancy
 21272 | Zot:4    | Noticed a curse toe
 21280 | Zot:4    | Killed a curse toe
 21289 | Zot:4    | Noticed a curse toe
 21300 | Zot:4    | Killed a curse toe
 21351 | Zot:4    | Reached XP level 27. HP: 270/270 MP: 9/43
 21367 | Zot:4    | Reached skill level 23 in Fighting
 21418 | Zot:4    | Noticed a Killer Klown
 21428 | Zot:4    | Noticed an ancient lich
 21437 | Zot:4    | Killed a Killer Klown
 21443 | Zot:4    | Killed an ancient lich
 21500 | Zot:5    | Entered Level 5 of the Realm of Zot
 21516 | Zot:5    | Noticed a curse toe
 21533 | Zot:5    | Killed a curse toe
 21914 | Zot:5    | Reached skill level 15 in Evocations
 21995 | Zot:5    | Noticed an orb of fire
 21998 | Zot:5    | Noticed a dread lich
 22002 | Zot:5    | Killed an orb of fire
 22005 | Zot:5    | Killed a dread lich
 22027 | Zot:5    | Noticed an orb of fire
 22033 | Zot:5    | Noticed an orb of fire
 22035 | Zot:5    | Noticed a Killer Klown
 22036 | Zot:5    | Noticed an ancient lich
 22039 | Zot:5    | Noticed a Killer Klown
 22040 | Zot:5    | Gained mutation: You sometimes lose your temper in combat.
                  | [an orb of fire]
 22040 | Zot:5    | Noticed an orb of fire
 22045 | Zot:5    | Killed an orb of fire
 22046 | Zot:5    | Killed an orb of fire
 22047 | Zot:5    | Noticed a Killer Klown
 22047 | Zot:5    | Killed a Killer Klown
 22048 | Zot:5    | Reached skill level 24 in Fighting
 22050 | Zot:5    | Killed a Killer Klown
 22053 | Zot:5    | Killed an ancient lich
 22055 | Zot:5    | Killed a Killer Klown
 22059 | Zot:5    | Killed an orb of fire
 22142 | Zot:5    | Got the Orb of Zot
 22147 | Zot:5    | Noticed a dread lich
 22159 | Zot:5    | Killed a dread lich
 22243 | Zot:4    | Noticed a Killer Klown
 22541 | D:10     | Noticed Hihes the pandemonium lord
 22642 | D:2      | Noticed Gomnal the pandemonium lord
 22699 | D:$      | Escaped with the Orb!

Illustrated notes

Levels and vault maps discovered:
D:1:      pf_arrival_petrified_forest, layout_loops_ring
D:2:      layout_loops_ring, minmay_misc_feat_more_columns,
          minmay_fractal_squares_5
D:3:      kennysheep_the_goblin_king, layout_rooms, cheibrodos_ashenzari_chains,
          amethyst_overflow_temple_binary, grunt_ministairs_8
D:4:      layout_rooms, minmay_increasing_density
D:5:      kennysheep_windowed_halls, layout_basic, uniq_edmund, uniq_pikel,
          uniq_duvessa
D:6:      layout_rooms
D:7:      layout_rooms, temple_fountains, ebering_ghost_disaster_area,
          chequers_garden
D:8:      minmay_blocky_corners, layout_rooms, led_sif_book
D:9:      layout_gridville, slow_altar_1, david_orc_5
D:10:     layout_rooms, hellmonk_lair_entry_icy, minmay_between
D:11:     layout_stronghold, enter_trove_2
D:12:     layout_grid_maze, st_stairs_9
D:13:     minmay_the_grid_octo_tiled_squarecenter_mashed
          [minmay_the_grid_octo_shrine, minmay_the_grid_octo_vomiting_pacman,
          minmay_the_grid_octo_clover, minmay_the_grid_octo_toaster,
          minmay_the_grid_square_5x5_megaprize_hollow,
          minmay_the_grid_square_5x5_pentomino_r,
          minmay_the_grid_square_5x5_minivault,
          minmay_the_grid_square_5x5_three_small,
          minmay_the_grid_square_5x5_gyroscope], layout_cave_pools,
          david_vaults_2, gammafunk_ghost_fury_of_okawaru
D:14:     layout_basic, grunt_decor_resistance, corexii_corridor_pit, eino_jars
D:15:     grunt_enter_depths_snipers, layout_basic, serial_ice, serial_ice_e,
          serial_ice_i, serial_ice_m, serial_ice_n, serial_ice_g, serial_ice_a
Lair:1:   layout_regular_city, gammafunk_ghost_wrathful_warriors
Lair:2:   layout_regular_city, dummy_spider_entry, gauntlet_entry_generic,
          dreamdust_deal_with_the_devil, columned_hall_lemuel,
          grunt_forest_stairs_clearing
Lair:3:   layout_misc_corridors, palyth_hydra_swamp_entry,
          portal_ice_cave_entry_pillars_1, eino_small_chamber_without_monster,
          chequers_serial_rivers_micro_b, minivault_27, lemuel_fruit_fields,
          lemuel_fruit_fields
Lair:4:   layout_cave_pods, dpeg_slime_entry_enclosed,
          infiniplex_staircase_pool, grunt_megastairs_5, serial_bayou_shore_b
Lair:5:   hangedman_lair_caniforms_friends, layout_loops_ring,
          hangedman_lair_tendril_chambers
Swamp:1:  gammafunk_mikee_crab_dinner, layout_basic_swamp,
          hangedman_swamp_ruin_wall, swamp_pool3
Swamp:2:  layout_falls_marsh, evilmike_swamp_ruin_wall
Swamp:3:  layout_falls_marsh, evilmike_swamp_ruin_house_2, uniq_nikola,
          uniq_bai_suzhen
Swamp:4:  swamp, layout_basic_swamp
Spider:1: layout_spider_delve, nicolae_spider_eight_legs, uniq_aizul
Spider:2: layout_spider_delve
Spider:3: layout_spider_delve, hangedman_spider_tarantella_strand, uniq_arachne
Spider:4: spider_rune_water
Orc:1:    layout_caves, nicolae_orc_lost_temple, uniq_harold
Orc:2:    st_orc_pillars, layout_diamond_mine
Vaults:1: ontoclasm_vaults_chip, nicolae_vaults_windows_and_doors_thing,
          vaults_room_grid, vaults_standard_mumra_enter_the_diamond, v_misc_8,
          v_misc_1, vaults_mumra_chevron_long, v_alt_pattern_3, serial_ice_h,
          nicolae_vaults_little_squares_5, nicolae_vaults_circle_grid_b,
          layout_vaults_omnigrid, serial_shops, shop, uniq_asterion
Vaults:2: nicolae_vaults_ninety_degrees, grunt_vaults_hallway_long,
          vaults_room_glass_cross, hangedman_vaults_slice, vaults_mumra_hexcomb,
          vaults_mumra_minichess_inversion, nicolae_vaults_bisected_exclaves,
          grunt_vaults_funnel, nicolae_vaults_bisected_slash,
          minmay_crypt_entry_simple_corners, layout_vaults_big_room,
          serial_shops, nicolae_shop_waterfront,
          nicolae_shop_bloodbath_and_beyond, nicolae_square_shop,
          nicolae_shop_trees, nicolae_shop_trees
Vaults:3: portal_desolation_entry_garden, st_cross, hangedman_vaults_trim,
          nicolae_vaults_shelves_hall, v_rooms_4, nicolae_vaults_triangles,
          ontoclasm_vaults_chip, vaults_room_fours, nicolae_vaults_big_ls,
          vaults_dpeg_encased_lava, nicolae_vaults_asterisk,
          vaults_room_stairs_pillars, nicolae_vaults_angled_halls,
          layout_vaults_maze_bifur
Vaults:4: nicolae_vaults_c_with_doors, v_rooms_5, v_misc_14, v_misc_10,
          hangedman_vaults_stream, vaults_room_semicircle,
          ontoclasm_vaults_ligature, ontoclasm_vaults_fault, v_alt_pattern_3,
          v_rooms_3, serial_ice_h, vaults_room_hallway, vaults_dpeg_spiral,
          vaults_room_fours, vaults_room_semicircle,
          nicolae_vaults_three_branches, vaults_room_pools,
          layout_vaults_big_cross
Vaults:5: serial_shops, uniq_mara
Depths:1: layout_basic, nicolae_cairo_tiling_large_dashed, serial_shops,
          nicolae_shop_waterfront, hell_entry, biasface_ghost_demon_polymorph,
          nicolae_elemental_shop, serial_sigils_hangedman_leer, drop_trap,
          kennysheep_another_room, chequers_serial_rivers_room_b,
          tso_oasis_becter
Depths:2: hellmonk_crumbling_castle, layout_gridlike,
          nicolae_hell_entry_big_baal_hell, elyvilon_altar_1, abyss_entry,
          pan_entry, lightli_corner_chamber
Depths:3: constructs_gauntlet_mu_hangedman, layout_basic, enter_ziggurat_a,
          nicolae_dithmenos_the_darkroom, grunt_mini_vestibule, abyss_entry,
          infiniplex_staircase_pool_1, grunt_megastairs_1, uniq_frederick,
          uniq_sojobo
Depths:4: grunt_zot_entry_bicorn, layout_cross, hell_entry, serial_shops,
          freezing_bzr, abyss_entry_small_statue_room,
          nemelex_xobeh_ov_fountains_minmay
Zot:1:    layout_cathedral_of_symmetry, gammafunk_ghost_crypt
Zot:2:    nicolae_zot_stationary_front, layout_onion_interference,
          ebering_ghost_disaster_area, st_stairs_13,
          hangedman_zot_decor_scrapings, hangedman_zot_decor_checkerboard
Zot:3:    layout_basic
Zot:4:    ebering_klown_carousel, layout_twisted_circle, zot_minivault_2
Zot:5:    layout_gridlike, drop_trap

Skill      XL: |  1  2  3  4  5  6  7  8  9 10 11 12 13 14 15 16 17 18 19 20 21 22 23 24 25 26 27 |
---------------+----------------------------------------------------------------------------------+-----
Spellcasting   | 3 4 6 7 9 11 | 11.6
Earth Magic    | 4 5 6 7 8 10 11 13 17 | 17.0
Conjurations   | 1 3 4 6 7 10 | 10.6
Air Magic      | 1 3 |  3.8
Poison Magic   | 1 3 |  3.0
Fighting       | 5 8 9 11 14 15 17 19 21 22 24 | 24.7
Short Blades   | 1 5 |  5.0
Transmutations | 2 4 7 9 11 | 11.0
Stealth        | 2 3 |  3.0
Unarmed Combat | 3 5 |  5.7
Dodging        | 4 5 8 9 12 13 15 17 | 17.5
Shields        | 3 6 11 14 18 20 | 20.3
Long Blades    | 5 10 12 14 | 14.7
Translocations | 6 7 9 10 | 10.5
Evocations     | 5 10 11 13 17 | 17.7
Summonings     | 3 14 | 14.0
Hexes          | 4 |  4.4
Necromancy     | 2 |  2.8

Action                   |  1- 3 |  4- 6 |  7- 9 | 10-12 | 13-15 | 16-18 | 19-21 | 22-24 | 25-27 || total
-------------------------+-------+-------+-------+-------+-------+-------+-------+-------+-------++-------
Melee: Spear             |       |     3 |     1 |     2 |       |       |       |       |       ||     6
       Dagger            |       |       |       |   103 |       |       |       |       |       ||   103
       Unarmed           |       |       |       |   140 |       |       |       |       |       ||   140
       Punch             |       |       |       |     6 |       |       |       |       |       ||     6
       Demon blade       |       |       |       |       |   983 |   920 |  1418 |  1349 |   972 ||  5642
Throw: Dart              |       |       |     4 |     1 |     1 |       |       |       |       ||     6
 Cast: Sandblast         |    33 |    76 |    18 |    35 |       |       |       |       |       ||   162
       Stone Arrow       |       |    10 |    75 |   144 |     9 |       |       |       |       ||   238
       Mephitic Cloud    |       |       |     1 |     6 |       |     4 |     3 |       |       ||    14
       Petrify           |       |       |       |    36 |       |       |       |       |       ||    36
       Statue Form       |       |       |       |    10 |    67 |    52 |    59 |    54 |    51 ||   293
       Manifold Assault  |       |       |       |       |   174 |   156 |   276 |   270 |   198 ||  1074
       Passwall          |       |       |       |       |     3 |       |    13 |     8 |     1 ||    25
       Dispersal         |       |       |       |       |       |     2 |       |       |       ||     2
       Iron Shot         |       |       |       |       |       |       |     1 |     2 |       ||     3
       Spellforged Servi |       |       |       |       |       |       |       |    16 |    27 ||    43
       Borgnjor's Vile C |       |       |       |       |       |       |       |       |    49 ||    49
       Silence           |       |       |       |       |       |       |       |       |     2 ||     2
Invok: Curse Item        |       |       |     3 |     3 |     3 |     2 |     1 |     1 |     2 ||    15
       Shatter the Chain |       |       |       |     1 |     1 |       |     1 |       |     2 ||     5
 Abil: End Transformatio |       |       |       |     8 |    63 |    46 |    53 |    48 |    43 ||   261
Evoke: Wand              |       |       |     3 |       |       |       |     5 |     3 |    16 ||    27
       Tin of tremorston |       |       |       |       |     2 |     1 |     3 |       |     2 ||     8
       Phial of floods   |       |       |       |       |       |       |     1 |       |     2 ||     3
       Condenser vane    |       |       |       |       |       |       |       |     1 |     2 ||     3
       Lightning rod     |       |       |       |       |       |       |       |     1 |       ||     1
       Box of beasts     |       |       |       |       |       |       |       |       |     1 ||     1
       Phantom mirror    |       |       |       |       |       |       |       |       |     1 ||     1
  Use: Scroll            |       |     6 |     4 |     1 |       |     4 |     3 |     5 |    19 ||    42
       Potion            |       |     1 |       |     1 |     1 |     1 |     1 |     1 |    13 ||    19
 Stab: Petrified         |       |       |       |    52 |       |       |       |       |       ||    52
       Petrifying        |       |       |       |    13 |       |       |       |       |       ||    13
       Confused          |       |       |       |     1 |       |     5 |     1 |       |       ||     7
       Paralysed         |       |       |       |       |       |     1 |       |       |       ||     1
       Sleeping          |       |       |       |       |       |       |     1 |       |       ||     1
       Distracted        |       |       |       |       |       |       |       |     7 |    16 ||    23
Armor: Robe              |     4 |     9 |     3 |    42 |       |       |       |       |       ||    58
       Skin              |       |       |       |   100 |   450 |   905 |   614 |   403 |   176 ||  2648
       Leather armour    |       |       |       |     3 |    13 |     7 |    20 |    14 |    12 ||    69
Dodge: Dodged            |     5 |    11 |    14 |   174 |   571 |  1068 |   954 |   771 |   483 ||  4051
Block: Buckler           |       |       |       |    34 |   373 |   476 |   578 |   534 |    83 ||  2078
       Kite shield       |       |       |       |       |       |       |       |       |   564 ||   564

Table legend: (Time is in decaauts)
 A = Elapsed time spent in this place.
 B = Non-inter-level travel time spent in this place.
 C = Inter-level travel time spent in this place.
 D = Time resting spent in this place.
 E = Time spent auto-exploring this place.
 F = Levels seen in this place.
 G = Mean time per level.
                   A        B        C        D        E       F      G
               +--------+--------+--------+--------+--------+-----+--------+
         Total |  23723 |  21600 |   2123 |      0 |    499 |  48 |  494.2 |
       Dungeon |   8503 |   7414 |   1089 |      0 |      0 |  15 |  566.9 |
          Lair |   2917 |   2544 |    373 |      0 |      0 |   5 |  583.4 |
         Swamp |   2129 |   1897 |    232 |      0 |    192 |   4 |  532.2 |
   Spider Nest |   2044 |   1975 |     69 |      0 |     49 |   4 |  511.0 |
  Orcish Mines |    820 |    734 |     86 |      0 |      0 |   2 |  410.0 |
        Vaults |   2853 |   2712 |    141 |      0 |      0 |   5 |  570.6 |
        Depths |   2003 |   1898 |    105 |      0 |      0 |   4 |  500.8 |
           Zot |   1368 |   1343 |     25 |      0 |    193 |   5 |  273.6 |
        Bazaar |    142 |    142 |      0 |      0 |     65 |   1 |  142.0 |
         Trove |     29 |     29 |      0 |      0 |      0 |   1 |   29.0 |
      Ice Cave |    552 |    552 |      0 |      0 |      0 |   1 |  552.0 |
      Gauntlet |    357 |    357 |      0 |      0 |      0 |   1 |  357.0 |
               +--------+--------+--------+--------+--------+-----+--------+

Top non-repeatable levels by time:
     D:9: 1081 daAuts
  Lair:5: 891 daAuts
Vaults:5: 800 daAuts
Spider:4: 756 daAuts
  Lair:4: 752 daAuts
Vaults:4: 748 daAuts
Depths:3: 746 daAuts
   Zot:5: 705 daAuts
 Swamp:3: 687 daAuts
     D:8: 653 daAuts
    D:15: 644 daAuts
  Lair:3: 629 daAuts
    D:12: 628 daAuts
    D:11: 605 daAuts
 Swamp:1: 582 daAuts
